Map: Submarine LE

Players

Heeebster - Winner!

  • Race: Protoss Protoss
  • League: Diamond
  • Spawn Location: 11:00

IIIIIIIIIIII

  • Race: Terran Terran
  • Spawn Location: 5:00

VOD

Have the link to the VOD?

Description

Time

  • Played on: Nov. 15, 2020, 1:36 p.m.
  • Length: 5:50
Show
View Real Time Build Order
Export as new Build Order

Heeebster Protoss - Winner!

Build Orders: Blink Stalkers 

Get SALT Encoding   

  12  0:00  Probe  
  13  0:15  Pylon  
  13  0:16  Probe  
  14  0:28  Probe (Chrono Boost)  
  14  0:35  Gateway  
  15  0:41  Probe (Chrono Boost)  
  16  0:43  Assimilator  
  16  0:50  Assimilator  
  16  0:51  Probe (Chrono Boost)  
  17  1:01  Probe  
  18  1:14  Probe (Chrono Boost)  
  19  1:22  Cybernetics Core  
  19  1:24  Probe (Chrono Boost)  
  20  1:29  Probe (Chrono Boost)  
  21  1:40  Probe  
  22  1:50  Pylon  
  22  2:00  Warp Gate  
  22  2:04  Probe  
  22  2:05  Stalker (Chrono Boost)  
  25  2:14  Twilight Council  
  25  2:16  Probe  
  26  2:28  Stalker  
  28  2:48  Blink (Chrono Boost)  
  28  2:58  Nexus  
  28  3:04  Gateway  
  28  3:15  Gateway  
  28  3:20  Gateway  
  28  3:35  Pylon  
  28  3:42  Probe  
  29  3:52  Pylon  
  29  4:10  Probe  
  29  4:14  Stalker x4  
  38  4:18  Probe  
  38  4:23  Probe  
  40  4:30  Probe  
  41  4:37  Stalker  
  43  4:43  Stalker  
  43  4:44  Stalker  
  47  4:51  Stalker  
  43  5:08  Stalker x2  
  47  5:19  Pylon  
  47  5:25  Stalker x2  
  48  5:34  Stalker x2  
Show
View Real Time Build Order
Export as new Build Order

IIIIIIIIIIII Terran 

Build Orders: Reaper Expand 

Get SALT Encoding   

  12  0:00  SCV  
  13  0:12  SCV  
  14  0:18  Supply Depot  
  14  0:24  SCV  
  15  0:40  SCV  
  15  0:42  Barracks  
  16  0:45  Refinery  
  16  0:52  SCV  
  17  1:04  SCV  
  18  1:18  Engineering Bay  
  18  1:22  SCV  
  19  1:33  Reaper  
  19  1:36  Orbital Command  
  20  2:04  SCV  
  20  2:07  Command Center  
  21  2:15  Factory  
  21  2:19  SCV  
  21  2:22  Bunker  
  22  2:27  Supply Depot, Barracks Reactor  
  22  2:42  SCV  
  23  2:45  Refinery  
  23  3:03  Starport, SCV  
  24  3:05  Marine x2  
  26  3:15  Refinery  
  26  3:22  SCV  
  26  3:24  Orbital Command  
  27  3:38  SCV  
  28  3:43  Widow Mine x2  
  28  3:44  Medivac  
  28  3:46  Barracks  
  34  3:50  SCV  
  35  4:01  SCV  
  36  4:08  Widow Mine  
  36  4:09  Widow Mine, Barracks Tech Lab  
  40  4:11  SCV  
  41  4:18  Barracks  
  40  4:25  Medivac  
  40  4:30  Widow Mine x2  
  46  4:38  Supply Depot, Barracks Reactor  
  46  4:50  Supply Depot  
  48  5:00  SCV x2  
  48  5:02  Factory Tech Lab  
  44  5:12  SCV x2  
  44  5:13  Marine x2  
  41  5:18  Medivac x2, Marine x2  
  41  5:31  Marine  
Tags
 
Composition
Blink Stalkers
League
Diamond
Matchup
PvT
Replay Pack
Replays
Spawn Locations
Cross Positions
Add a new tag
Caveats
  • Supply blocks, unpowered buildings, or Contaminate may cause inaccurate times.
  • Supply counts are checked every 10 seconds.